 Dungeon Crawl Stone Soup version 0.22.1-1-ga44c0e5 (webtiles) character file.

107 Jamjie98 the Firebug (level 4, 0/33 HPs)
             Began as a Draconian Fire Elementalist on Sept 30, 2018.
             Was a Follower of Elyvilon.
             Slain by a gnoll
             ... wielding a +0 spear
              (2 damage)
             ... on level 3 of the Dungeon.
             The game lasted 00:23:38 (3174 turns).

Jamjie98 the Firebug (Draconian Fire Elementalist)  Turns: 3174, Time: 00:23:39

Health: 0/33       AC:  5    Str: 11    XL:     4   Next: 56%
Magic:  1/8        EV: 13    Int: 16    God:    Elyvilon [*.....]
Gold:   84         SH:  0    Dex: 17    Spells: 7/8 levels left

rFire    . . .     SeeInvis .   a - +1 club
rCold    . . .     Gourm    .   (no shield)
rNeg     . . .     Faith    .   (armour unavailable)
rPois    .         Spirit   .   (helmet restricted)
rElec    .         Reflect  .   (no cloak)
rCorr    .         Harm     .   (no gloves)
MR       .....                  (no boots)
Stlth    +.........             t - amulet of the acrobat
HPRegen  0.11/turn              I - ring of attention (curse)
MPRegen  0.11/turn              H - +6 ring of dexterity

@: no status effects
A: unfitting armour, cold-blooded, AC +5
a: Lesser Healing, Divine Protection, Renounce Religion


You were on level 3 of the Dungeon.
You worshipped Elyvilon.
Elyvilon was aware of your devotion.
You were not hungry.

You visited 1 branch of the dungeon, and saw 3 of its levels.

You collected 84 gold pieces.

Inventory:

Hand Weapons
 a - a +1 club (weapon)
 c - a +0 club
 j - a +0 club
 k - a +0 club
 n - a +0 whip
 o - a +0 flail
 q - a +0 mace
 B - a +0 hand axe
 C - a +0 dagger
 D - a +0 spear
 K - a +0 short sword
Missiles
 d - 48 arrows (quivered)
 p - 46 stones
 v - 53 bolts
 E - 3 tomahawks
 L - 20 sling bullets
Armour
 e - a +1 robe
 r - a +0 ring mail
 w - a +0 leather armour
 F - a +0 chain mail
 J - a +3 chain mail
Jewellery
 g - an uncursed ring of protection from cold
 t - an amulet of the acrobat (around neck)
 H - a +6 ring of dexterity (right hand)
 I - a cursed ring of attention (left hand)
Wands
 G - a wand of random effects (31)
Scrolls
 l - a scroll of teleportation
 m - a scroll of magic mapping
 s - 2 scrolls of identify
 y - a scroll of enchant armour
 z - a scroll of fear
Potions
 h - a potion of heal wounds {unknown}
 i - a potion of agility
 u - 3 potions of invisibility
 x - 2 potions of haste
 A - a potion of brilliance
Comestibles
 b - 4 rations


   Skills:
 + Level 0.1 Fighting
 + Level 0.4 Maces & Flails
 + Level 2.3 Dodging
 + Level 2.0 Stealth
 + Level 2.9 Spellcasting
 + Level 1.9 Conjurations
 + Level 3.8 Fire Magic


You had 7 spell levels left.
You knew the following spells:

 Your Spells              Type           Power        Failure   Level  Hunger
a - Flame Tongue          Conj/Fire      ##...        6%          1    #......

Your spell library contained the following spells:

 Spells                   Type           Power        Failure   Level  Hunger
 Throw Flame              Conj/Fire      ##....       9%          2    ##.....
 Conjure Flame            Conj/Fire      ##......     17%         3    ###....
 Inner Flame              Hex/Fire       #.......     26%         3    ###....
 Sticky Flame             Conj/Fire      ##......     50%         4    #####..
 Fireball                 Conj/Fire      ##........   85%         5    ######.


Dungeon Overview and Level Annotations

Branches:
Dungeon (3/15)

Altars:
Cheibriados
Elyvilon
Kikubaaqudgha
Trog
Wu Jian


Innate Abilities, Weirdness & Mutations

Your plain brown scales are hard. (AC +5)
You cannot fit into any form of body armour.
You are cold-blooded and may be slowed by cold attacks.


Message History

Casting: Flame Tongue (safe; 6% risk of failure)
Confirm with . or Enter, or press ? or * to list all spells.
Aiming: Flame Tongue (safe; 6% risk of failure)
Press: ? - help, Shift-Dir - straight line, f/p - gnoll
Aim: a gnoll, wielding a spear (severely wounded)
The flame tongue hits the gnoll.
The gnoll is severely wounded.
The gnoll barely misses you.
The gnoll hits you from afar with a spear.
* * * LOW HITPOINT WARNING * * *
You barely miss the gnoll. You tail-slap the gnoll.
You kill the gnoll!
The gnoll hits you from afar with a spear.
Elyvilon protects you from harm! The gnoll hits you with a spear.
* * * LOW HITPOINT WARNING * * *
You hit the gnoll but do no damage.
The gnoll is severely wounded.
The gnoll hits you with a spear.
You die...

##### ###♣♣
##.#..♣♣
#......♣♣
#.......♣
#@##...♣. #g## ♣♣
#.# #..# #.# #.##
#### #.# #.#
#.#.# ## #.# #.#
##....### .# #.#
#.# #.......# .#
#.# #.# ........#
g#
#.###.###........


You could see a gnoll.

Vanquished Creatures
  4 gnolls
  A worm (D:2)
  A dart slug (D:1)
  4 leopard geckos
  5 orcs (D:3)
  A ball python (D:3)
  3 giant cockroaches
  6 goblins
  5 hobgoblins
  8 bats
  3 frilled lizards
  6 kobolds
  6 rats
53 creatures vanquished.

Notes
Turn   | Place    | Note
-------+----------+-------------------------------------------
     0 | D:1      | Jamjie98 the Draconian Fire Elementalist began the quest
                  | for the Orb.
     0 | D:1      | Reached XP level 1. HP: 14/14 MP: 3/3
   232 | D:1      | Reached XP level 2. HP: 19/20 MP: 3/5
   709 | D:1      | Reached XP level 3. HP: 25/26 MP: 1/6
  1108 | D:2      | Found a bloodstained altar of Trog.
  1112 | D:2      | Found a white marble altar of Elyvilon.
  1140 | D:2      | Found a snail-covered altar of Cheibriados.
  1140 | D:2      | Found an ornate altar of the Wu Jian Council.
  1186 | D:2      | Found an ancient bone altar of Kikubaaqudgha.
  1217 | D:2      | Became a worshipper of Elyvilon the Healer
  2714 | D:3      | Reached * piety under Elyvilon
  2848 | D:3      | Reached XP level 4. HP: 16/33 MP: 0/8
  3171 | D:3      | Elyvilon protects you from harm!
  3173 | D:3      | HP: 1/33 [gnoll/spear (3)]
  3174 | D:3      | Slain by a gnoll

Skill      XL: |  1  2  3  4 |
---------------+-------------+-----
Dodging        | 2 |  2.3
Stealth        | 2 |  2.0
Fighting       | |  0.1
Maces & Flails | |  0.4
Spellcasting   | |  2.9
Conjurations   | |  1.9
Fire Magic     | |  3.8

Action                   |  1- 3 |  4- 6 || total
-------------------------+-------+-------++-------
Melee: Club              |    28 |    18 ||    46
       Tailslap          |     2 |     3 ||     5
 Cast: Flame Tongue      |    69 |    16 ||    85
  Use: Scroll            |     9 |       ||     9
       Potion            |     7 |     2 ||     9
  Eat: Chunk             |     5 |       ||     5
       Ration            |     1 |       ||     1
Armor: Skin              |    15 |     3 ||    18
Dodge: Dodged            |    32 |    28 ||    60
